 Dungeon Crawl Stone Soup version 0.27.0-66-gdc8fb28755 (webtiles) character file.

Game seed: 524160832756372174

221 ZARRMARR the Ruffian (level 5, -2/40 HPs)
             Began as a Draconian Transmuter on Aug 20, 2021.
             Killed by nerve-wracking pain
             ... invoked by Grinder
              (13 damage)
             ... on level 3 of the Dungeon.
             The game lasted 00:09:29 (3134 turns).

ZARRMARR the Ruffian (Draconian Transmuter)         Turns: 3134, Time: 00:09:30

Health: -2/40      AC:  5    Str: 13    XL:     5   Next: 65%
Magic:  8/8        EV:  9    Int: 14    God:
Gold:   32         SH:  6    Dex: 11    Spells: 8/9 levels left

rFire    . . .     SeeInvis .     - Unarmed
rCold    . . .     Faith    .   f - +0 kite shield
rNeg     . . .     Spirit   .   (armour unavailable)
rPois    .         Reflect  .   (helmet restricted)
rElec    .         Harm     .   (no cloak)
rCorr    .         Rampage  .   (no gloves)
Will     .....                  (no boots)
Stlth    +.........             b - amulet of regeneration
HPRegen  1.13/turn              (no ring)
MPRegen  0.11/turn              (no ring)

@: attractive
A: AC +5, unfitting armour, cold-blooded
a: no special abilities


You were on level 3 of the Dungeon.
You visited 1 branch of the dungeon, and saw 3 of its levels.

You collected 32 gold pieces.

Inventory:

Armour
 f - a +0 kite shield (worn)
Jewellery
 b - an amulet of regeneration (around neck)
Scrolls
 a - a scroll of vulnerability
 e - a scroll of immolation
 g - a scroll of torment {unknown}
Potions
 c - a potion of cancellation


   Skills:
 + Level 1.6 Fighting
 + Level 2.6 Dodging
 + Level 1.0 Stealth
 + Level 0.2 Shields
 + Level 5.0 Unarmed Combat
 * Level 2.5 Spellcasting
 * Level 2.6 Transmutations


You had 8 spell levels left.
You knew the following spells:

 Your Spells              Type           Power      Damage    Failure   Level
a - Beastly Appendage     Tmut           18%        N/A       45%         1

Your spell library contained the following spells:

 Spells                   Type           Power      Damage    Failure   Level
 Wereblood                Tmut           9%         N/A       61%         2
 Spider Form              Tmut/Pois      2%         N/A       95%         3
 Ice Form                 Ice/Tmut       5%         N/A       100%        4


Dungeon Overview and Level Annotations

Branches:
Dungeon (3/15)

Altars:

Shops:
D:1 !

Annotations:
D:3 Grinder


Innate Abilities, Weirdness & Mutations

Your plain brown scales are hard. (AC +5)
You cannot fit into any form of body armour.
You are cold-blooded and may be slowed by cold attacks.


Message History

* * * LOW HITPOINT WARNING * * *
You writhe in agony.
* * * LOW HITPOINT WARNING * * *
You hit Grinder. You tail-slap Grinder.
Grinder is severely wounded.
Grinder says, "FISH!"
Grinder hits you but does no damage.
You punch Grinder!
Your tail-slap misses Grinder.
Grinder is severely wounded.
Grinder says, "Wait up."
You block Grinder's attack.
You hit Grinder but do no damage.
Grinder is severely wounded.
Grinder gestures at you. You resist with significant effort.
You hit Grinder but do no damage.
Grinder is severely wounded.
Grinder hits you but does no damage. Grinder barely misses you.
You closely miss Grinder.
Grinder is severely wounded.
You block Grinder's attack.
You closely miss Grinder.
Your tail-slap misses Grinder.
Grinder is severely wounded.
Grinder gestures at you.
You barely resist. You barely miss Grinder.
You tail-slap Grinder, but do no damage.
Grinder is severely wounded.
You block Grinder's attack.
You barely miss Grinder.
Grinder is severely wounded.
Grinder gestures at you. Pain shoots through your body!
* * * LOW HITPOINT WARNING * * *
You hit Grinder but do no damage.
Grinder is severely wounded.
You block Grinder's attack. Grinder gestures at you.
Pain shoots through your body!
You die...

#.# #.# #.# #
#.#####.#
#.......## .
##........ ...
#.####..#
.....##5####..#
......)@.......
.....##.####..#
.... #.# ###
#.# #.# #.# #.#
#.#


You could see Grinder.

Vanquished Creatures
  A centaur (D:3)
  4 gnolls
  3 adders (D:2)
  4 worms (D:2)
  A dart slug (D:3)
  An orc (D:2)
  6 ball pythons
  4 endoplasms
  2 giant cockroaches (D:1)
  6 goblins
  5 hobgoblins
  2 kobolds
  3 quokkas
  5 bats
  3 frilled lizards
  3 rats
53 creatures vanquished.

Vanquished Creatures (collateral kills)
  An adder (D:2)
1 creature vanquished.

Vanquished Creatures (others)
  2 fungi (D:1)
  A plant (D:1)
3 creatures vanquished.

Grand Total: 57 creatures vanquished

Notes
Turn   | Place    | Note
-------+----------+-------------------------------------------
     0 | D:1      | ZARRMARR the Draconian Transmuter began the quest for the
                  | Orb.
     0 | D:1      | Reached XP level 1. HP: 16/16 MP: 3/3
   340 | D:1      | Reached XP level 2. HP: 23/23 MP: 5/5
   538 | D:1      | Found a faded altar of an unknown god.
   664 | D:1      | Found Minohusa's Distillery.
  1501 | D:2      | Reached XP level 3. HP: 9/28 MP: 6/6
  1808 | D:2      | Reached skill level 4 in Unarmed Combat
  2126 | D:2      | Reached XP level 4. HP: 16/35 MP: 7/7
  2767 | D:3      | Noticed a centaur
  2780 | D:3      | Killed a centaur
  2781 | D:3      | Reached XP level 5. HP: 12/40 MP: 8/8
  2875 | D:3      | Reached skill level 1 in Stealth
  2952 | D:2      | Reached skill level 5 in Unarmed Combat
  3106 | D:3      | Noticed Grinder
  3134 | D:3      | Killed from afar by Grinder

Illustrated notes

Levels and vault maps discovered:
D:1:      erik_arrival_cave_to_civilisation [erik_arrival_cave_to_hall],
          layout_basic, serial_shops, nicolae_lakefront_shop,
          dreamdust_ecumenical_altar_grove
D:2:      layout_loops_ring
D:3:      layout_basic, xom_teletrap_fun, uniq_grinder

Skill      XL: |  1  2  3  4  5 |
---------------+----------------+-----
Dodging        | 2 |  2.6
Unarmed Combat | 4 5 |  5.0
Stealth        | 1 |  1.0
Fighting       | |  1.6
Shields        | |  0.2
Spellcasting   | |  2.5
Transmutations | |  2.6

Action                   |  1- 3 |  4- 6 || total
-------------------------+-------+-------++-------
Melee: Unarmed           |   125 |   106 ||   231
       Tailslap          |    12 |    17 ||    29
       Punch             |     2 |       ||     2
Throw: Boomerang         |    30 |       ||    30
  Use: Scroll            |     3 |     1 ||     4
       Potion            |     2 |     2 ||     4
 Stab: Sleeping          |     2 |       ||     2
Armor: Skin              |    21 |    24 ||    45
Dodge: Dodged            |    62 |    54 ||   116
Block: Kite shield       |       |    34 ||    34
